Map: Habitation Station LE (Void)

Players

Solar - Winner!

  • Race: Zerg Zerg
  • Spawn Location: 11:00

JJAKJI

  • Race: Terran Terran
  • League: Grandmaster
  • Spawn Location: 1:00

VOD

Have the link to the VOD?

Description

Time

  • Played on: Dec. 23, 2016, 8:07 a.m.
  • Length: 14:08
Show
View Real Time Build Order
Export as new Build Order

Solar Zerg - Winner!

Build Orders: Hatch First, Muta Ling Bane 

Get SALT Encoding   

  12  0:01  Drone  
  13  0:13  Overlord  
  13  0:17  Drone  
  14  0:31  Drone x2  
  14  0:35  Drone  
  17  0:51  Hatchery  
  17  0:54  Drone  
  17  0:57  Drone  
  18  1:04  Extractor  
  17  1:13  Spawning Pool  
  17  1:15  Drone  
  17  1:19  Drone  
  18  1:29  Drone  
  19  1:39  Overlord  
  19  1:59  Queen  
  19  2:00  Zergling x2  
  19  2:01  Zergling x2  
  23  2:02  Queen  
  23  2:03  Metabolic Boost  
  25  2:10  Drone  
  25  2:14  Drone  
  27  2:15  Drone  
  28  2:24  Drone  
  28  2:25  Zergling x2  
  29  2:36  Drone x2  
  31  2:38  Queen  
  31  2:43  Pneumatized Carapace  
  32  2:46  Overlord  
  32  2:47  Drone  
  33  2:54  Drone  
  33  2:58  Drone  
  35  3:05  Drone  
  36  3:08  Overlord  
  36  3:14  Drone x5  
  36  3:15  Drone  
  42  3:20  Overlord  
  42  3:21  Drone  
  43  3:31  Hatchery  
  43  3:33  Drone  
  43  3:37  Overlord  
  43  3:41  Drone  
  43  3:49  Queen x2  
  43  3:53  Drone  
  43  3:54  Drone x2  
  43  3:55  Drone  
  51  3:57  Drone  
  51  3:58  Drone  
  51  4:00  Drone  
  54  4:03  Zergling x4  
  56  4:11  Evolution Chamber x2  
  56  4:14  Zergling x4  
  56  4:18  Zergling x2  
  56  4:19  Zergling x4  
  56  4:24  Overlord  
  60  4:31  Zergling x2  
  60  4:36  Zerg Ground Armor Level 1  
  60  4:38  Zerg Melee Weapons Level 1  
  60  4:40  Overlord  
  60  4:42  Queen x2  
  60  4:43  Zergling x2  
  66  4:45  Zergling x2  
  66  4:46  Zergling x2  
  66  4:50  Zergling x2  
  66  4:51  Queen  
  70  4:55  Zergling x2  
  70  4:57  Overlord  
  71  5:00  Zergling x6  
  74  5:10  Drone  
  74  5:11  Drone  
  74  5:13  Drone  
  71  5:14  Drone  
  71  5:15  Drone x2  
  71  5:16  Drone x2  
  71  5:18  Drone x2  
  71  5:19  Drone  
  78  5:22  Drone  
  78  5:23  Baneling Nest  
  78  5:24  Drone  
  79  5:29  Zergling x2  
  79  5:33  Overlord  
  80  5:35  Lair  
  80  5:36  Zergling x2, Extractor  
  80  5:39  Zergling x2  
  81  5:44  Extractor  
  81  5:45  Drone  
  81  5:47  Drone  
  82  5:50  Extractor x2, Hatchery  
  82  5:55  Drone x7  
  86  5:58  Extractor  
  86  6:00  Drone x3  
  86  6:01  Drone  
  86  6:03  Spore Crawler  
  88  6:06  Zergling x2  
  89  6:15  Zergling x2  
  89  6:17  Overlord  
  90  6:19  Overlord  
  88  6:30  Drone  
  88  6:31  Overlord  
  89  6:35  Overlord  
  89  6:37  Drone x2  
  91  6:40  Spire, Centrifical Hooks, Drone x3  
  91  6:41  Drone  
  91  6:42  Drone x3  
  97  6:48  Zergling x6  
  97  6:50  Hatchery  
  97  6:53  Baneling x5  
  99  6:55  Zergling x2  
  100  7:01  Zerg Ground Armor Level 2  
  100  7:02  Zergling x14  
  100  7:03  Zergling x4  
  100  7:06  Zerg Melee Weapons Level 2  
  109  7:13  Zergling x10  
  109  7:15  Overseer  
  112  7:17  Zergling x2  
  112  7:19  Overlord  
  112  7:22  Zergling x2  
  114  7:27  Drone  
  114  7:29  Zergling x6, Drone  
  119  7:30  Zergling x2  
  119  7:31  Overlord  
  119  7:32  Zergling x2  
  119  7:33  Zergling x8  
  119  7:35  Overlord  
  119  7:36  Overlord  
  125  7:39  Drone  
  125  7:42  Drone  
  127  7:44  Baneling  
  127  7:45  Baneling  
  127  7:47  Overlord  
  127  7:51  Zergling x4  
  129  7:55  Hatchery  
  129  7:59  Mutalisk x3  
  129  8:00  Mutalisk x4  
  129  8:03  Mutalisk  
  143  8:10  Zerg Flyer Weapons Level 1  
  143  8:11  Drone x3  
  143  8:12  Drone x2  
  148  8:13  Drone  
  148  8:16  Drone x3  
  148  8:19  Overlord  
  152  8:22  Overlord  
  151  8:28  Mutalisk x3  
  151  8:31  Extractor  
  155  8:37  Drone  
  155  8:39  Mutalisk x2  
  155  8:41  Zergling x10  
  165  8:48  Queen  
  142  8:49  Zergling x4  
  142  8:50  Zergling x2  
  142  8:52  Zergling x2  
  142  8:53  Zergling x2  
  142  8:55  Zergling x2  
  146  8:56  Zergling x2  
  146  8:57  Zergling x2  
  146  8:58  Zergling x2  
  144  9:11  Overseer  
  144  9:14  Drone  
  145  9:17  Mutalisk x4  
  145  9:24  Mutalisk  
  152  9:25  Overlord x2  
  152  9:26  Baneling x4  
  152  9:27  Zergling x8  
  158  9:31  Overseer  
  158  9:35  Baneling x4  
  158  9:36  Baneling  
  158  9:39  Zergling x16  
  166  9:46  Zergling x2  
  166  9:47  Zergling x4  
  166  9:49  Zergling x2  
  166  9:50  Zergling x2  
  166  9:52  Baneling x5  
  171  9:53  Overseer, Baneling  
  171  9:54  Hatchery  
  171  9:56  Zergling x4  
  172  10:01  Mutalisk x2  
  167  10:07  Zergling x14  
  167  10:11  Baneling  
  167  10:12  Baneling x2  
  167  10:13  Zerg Flyer Armor Level 1  
  171  10:18  Zergling x4  
  171  10:19  Zergling x16  
  172  10:33  Baneling x8  
  171  10:40  Mutalisk x4  
  178  10:44  Baneling x2  
  178  10:46  Zergling x6  
  181  10:53  Overlord x3  
  181  10:58  Baneling x11  
  181  10:59  Overlord  
  181  11:00  Hatchery, Overlord  
  181  11:03  Zergling x6  
  181  11:10  Overlord  
  181  11:15  Zergling x2  
  181  11:16  Zergling x24, Infestation Pit  
  193  11:22  Zergling x10  
  197  11:32  Zergling x16  
  200  11:35  Zergling x2  
  200  11:36  Zergling x4  
  174  11:43  Zergling x6  
  165  11:47  Zergling x10  
  165  11:52  Mutalisk x3  
  142  11:54  Zergling x4  
  142  11:55  Zergling x2  
  142  11:56  Zergling x2  
  140  12:03  Zergling x10  
  140  12:07  Baneling  
  140  12:08  Baneling x9  
  144  12:10  Zergling x2  
  144  12:11  Zergling x2  
  144  12:21  Mutalisk x4  
  144  12:22  Zergling x4  
  142  12:27  Zergling x8  
  142  12:28  Zergling x2  
  142  12:29  Overseer  
  147  12:33  Zergling x6  
  147  12:37  Baneling x8  
  150  12:38  Baneling  
  150  12:39  Baneling  
  150  12:43  Hive  
  150  12:48  Zergling x2  
  150  12:49  Zergling x12  
  156  12:55  Zergling x6  
  156  12:56  Zergling x8  
  156  12:57  Zergling x2  
  161  12:59  Zergling x6  
  163  13:06  Baneling x3  
  163  13:10  Zergling x10  
  163  13:11  Overseer  
  156  13:13  Zergling x10  
  156  13:14  Zergling x6  
  161  13:23  Zergling x8  
  161  13:24  Zergling x2  
  161  13:25  Zergling x8  
  159  13:29  Zergling x6  
  159  13:31  Baneling x4  
  160  13:34  Mutalisk x3  
  160  13:39  Baneling x3  
  160  13:40  Baneling x7  
  165  13:41  Zergling x8  
Show
View Real Time Build Order
Export as new Build Order

JJAKJI Terran 

Build Orders: Reaper Expand, MMM Bio 

Get SALT Encoding   

  12  0:00  SCV  
  13  0:12  SCV  
  14  0:16  Supply Depot  
  14  0:24  SCV  
  15  0:38  SCV  
  15  0:40  Barracks  
  16  0:43  Refinery  
  16  0:50  SCV  
  17  1:02  SCV  
  18  1:14  SCV  
  19  1:27  Reaper, Orbital Command  
  20  1:38  Command Center  
  20  1:50  Barracks  
  20  1:53  SCV  
  21  2:01  Barracks Reactor  
  21  2:03  Supply Depot  
  21  2:06  SCV  
  22  2:11  Refinery  
  22  2:19  SCV  
  23  2:28  Factory  
  23  2:31  SCV  
  24  2:39  Barracks Tech Lab, Marine x2  
  24  2:43  SCV  
  27  2:54  Orbital Command  
  27  2:56  SCV  
  27  2:57  Marine x2  
  30  3:01  Stimpack  
  30  3:04  Marine  
  31  3:08  SCV  
  32  3:14  Marine x2  
  32  3:19  Starport  
  34  3:23  SCV  
  34  3:24  Factory Reactor  
  36  3:27  SCV  
  36  3:30  Marine  
  36  3:32  Marine x2  
  38  3:36  SCV  
  38  3:39  SCV  
  40  3:44  Supply Depot  
  40  3:48  SCV  
  40  3:49  Marine  
  40  3:50  Marine  
  40  3:51  SCV  
  40  3:55  Supply Depot  
  44  4:00  SCV  
  45  4:03  SCV  
  45  4:06  Marine  
  45  4:07  Marine  
  45  4:08  Marine  
  45  4:09  Medivac x2  
  53  4:12  SCV  
  53  4:16  SCV  
  55  4:18  Supply Depot  
  55  4:21  Engineering Bay  
  55  4:25  SCV  
  55  4:26  Liberator  
  55  4:28  Refinery  
  55  4:29  SCV  
  55  4:30  Marine x2  
  55  4:31  Marine  
  60  4:36  Supply Depot  
  60  4:38  SCV  
  61  4:41  SCV  
  67  4:48  Terran Infantry Weapons Level 1  
  67  4:50  SCV  
  67  4:51  Marine x2  
  68  4:53  SCV, Marine  
  70  5:00  Supply Depot  
  70  5:01  Supply Depot  
  70  5:04  SCV  
  70  5:05  SCV  
  72  5:08  Marine  
  72  5:09  Marine  
  70  5:15  Marine  
  70  5:17  SCV x2  
  70  5:18  Combat Shields  
  70  5:19  Medivac  
  71  5:26  Marine, Medivac  
  71  5:27  Marine  
  75  5:29  SCV x2  
  75  5:33  Marine  
  78  5:38  Command Center  
  78  5:42  SCV x2  
  80  5:44  Marine  
  80  5:48  Barracks  
  81  5:51  Barracks  
  81  5:59  Factory Reactor  
  81  6:01  Marine x2  
  81  6:02  Marine  
  84  6:05  Refinery  
  84  6:06  Barracks  
  84  6:09  Armory  
  84  6:10  SCV  
  84  6:11  Engineering Bay  
  85  6:16  SCV  
  86  6:18  Medivac  
  86  6:19  Marine x2  
  86  6:20  Marine  
  86  6:21  Medivac  
  86  6:22  SCV  
  86  6:30  SCV  
  85  6:34  SCV  
  85  6:37  Marine x3, Barracks Reactor  
  85  6:38  Barracks Reactor  
  89  6:42  Terran Infantry Armor Level 1, SCV  
  89  6:46  SCV  
  91  6:52  Orbital Command  
  91  6:54  SCV, Marine, Barracks Reactor  
  91  6:55  Marine x2  
  91  6:58  SCV  
  91  6:59  Terran Infantry Weapons Level 2  
  96  7:06  SCV  
  97  7:10  SCV  
  97  7:12  Marine x2  
  97  7:13  Widow Mine x2, Marine  
  62  7:15  Medivac x2  
  105  7:22  Supply Depot  
  109  7:23  Supply Depot  
  109  7:25  Missile Turret  
  109  7:27  Supply Depot  
  109  7:32  Orbital Command  
  109  7:43  SCV x2, Marine x6  
  117  7:45  Widow Mine x2, Marine x3  
  117  7:48  Medivac  
  117  7:49  Medivac  
  128  7:55  SCV x2  
  130  7:58  Supply Depot  
  130  8:00  Supply Depot  
  130  8:01  Marine x5  
  128  8:05  SCV  
  128  8:08  SCV  
  128  8:11  Marine x4  
  133  8:19  Widow Mine x2, Marine  
  133  8:20  Marine x2  
  139  8:27  Marine x2  
  139  8:28  Marine  
  142  8:38  Supply Depot x2  
  142  8:39  Marine x6, Supply Depot  
  142  8:40  Barracks x2  
  148  8:41  Barracks  
  148  8:45  Marine  
  148  8:46  Marine  
  148  8:47  Liberator x2  
  148  8:48  Widow Mine x2, Marine  
  134  8:56  Unknown, Marine  
  134  8:57  Marine x5  
  140  9:03  Marine  
  140  9:04  Marine  
  140  9:06  Missile Turret, Marine  
  140  9:08  Missile Turret  
  143  9:10  Terran Infantry Armor Level 2  
  143  9:14  Marine  
  143  9:16  Widow Mine x2  
  144  9:20  Terran Infantry Weapons Level 3  
  144  9:23  Missile Turret  
  147  9:33  Marauder  
  147  9:34  Barracks Tech Lab, Command Center, Barracks Reactor x2  
  147  9:36  Liberator x2  
  145  9:38  Missile Turret  
  145  9:39  Bunker  
  145  9:42  Marine x5  
  145  9:43  Marine  
  145  9:45  Widow Mine, Marine x2  
  160  10:02  Marauder, Marine  
  160  10:03  Marauder, Marine x3  
  160  10:05  Concussive Shells  
  167  10:09  Marine x2  
  167  10:10  Marine  
  166  10:22  Widow Mine  
  166  10:25  Widow Mine  
  166  10:26  Marauder  
  166  10:27  Marauder, Marine  
  166  10:28  Marine  
  165  10:38  Liberator x2  
  165  10:45  Supply Depot  
  165  10:46  Supply Depot  
  165  10:47  Supply Depot  
  165  10:55  Bunker  
  165  10:56  Marauder x2  
  172  11:05  Missile Turret x2  
  172  11:07  Missile Turret  
  171  11:11  Widow Mine x2  
  171  11:12  Missile Turret  
  171  11:15  Marine  
  171  11:16  Marine  
  171  11:17  Marauder x2  
  181  11:19  Marine  
  182  11:27  Terran Infantry Armor Level 3, Marine  
  183  11:32  Marine  
  183  11:33  Marine x2  
  167  11:46  Marauder x2  
  158  11:47  Marine  
  158  11:49  Marine  
  130  11:54  Marine  
  130  11:55  Marine x5  
  130  12:00  Widow Mine x2  
  123  12:03  Marine x3  
  123  12:07  Marauder x2  
  127  12:09  Marine  
  127  12:10  Liberator x2  
  122  12:23  Marine x5  
  122  12:28  Marauder x2  
  133  12:33  Marine x2  
  133  12:36  Planetary Fortress  
  135  12:39  Widow Mine  
  135  12:40  Widow Mine  
  135  12:43  Marine x6  
  145  12:44  Marine  
  145  12:47  Marine  
  145  12:50  Marine x3  
  136  13:08  Widow Mine x2  
  136  13:09  Marauder x2  
  136  13:10  Medivac x2  
  127  13:13  Marine  
  127  13:14  Marine x5  
  127  13:15  Orbital Command  
  118  13:26  Marine  
  118  13:27  Marine x2  
  93  13:28  Marine  
  93  13:31  Marine  
  93  13:32  Marine  
  91  13:36  Widow Mine  
  91  13:37  Widow Mine  
  91  13:39  Unknown  
  90  13:42  Marine x3  
  90  13:45  Marine  
  90  13:46  Marine  
  90  13:47  Marine x2  
  97  13:49  Marine x2  
Tags
 
Add a new tag
Caveats
  • Supply blocks, unpowered buildings, or Contaminate may cause inaccurate times.
  • Supply counts are checked every 10 seconds.